MID
GREAT LAKES LOONS @ WEST VIRGINIA POWER
04/24/2044
 
TOP OF THE 1ST
Great Lakes Loons batting - Pitching for West Virginia Power : LHP Ryan Rakoff
Pitching: LHP Ryan Rakoff
Batting: RHB Alex Mejia 0-0: Called Strike
0-1: Ball
1-1: Called Strike
1-2: Strikes out swinging
Batting: RHB Jerry Sanchez 0-0: Ball
1-0: Ball
2-0: SINGLE (Line Drive, 8LS, EV 105.6 MPH)
Batting: LHB Antonio Luis 0-0: Called Strike
0-1: Ball
1-1: Ball
2-1: Fielders Choice at 2nd, 6-4 (Groundball, 56D, EV 84.4 MPH)
Batting: RHB Mike Sims 0-0: Called Strike
0-1: SINGLE (Groundball, 6D, EV 95.0 MPH)
Antonio Luis to second
Batting: LHB Jim Chalk 0-0: Called Strike
0-1: Called Strike
0-2: Ball
1-2: Ball
2-2: Fly out, F7 (Flyball, 78S, EV 83.1 MPH)
Top of the 1st over - 0 runs, 2 hits, 0 errors, 2 left on base; Great Lakes 0 - West Virginia 0
BOTTOM OF THE 1ST
West Virginia Power batting - Pitching for Great Lakes Loons : RHP Jeremy Stock
Pitching: RHP Jeremy Stock
Batting: RHB Ron Corn 0-0: Ball
1-0: Swinging Strike
1-1: Ball
2-1: Swinging Strike
2-2: Strikes out swinging
Batting: LHB Micah Boshnjaku 0-0: Fly out, F8 (Flyball, 8LD, EV 100.0 MPH)
Batting: SHB Francisco Gutierrez 0-0: DOUBLE (Line Drive, 89D, EV 105.0 MPH)
Batting: RHB Tom Primmer 0-0: Called Strike
0-1: Swinging Strike
0-2: Strikes out swinging
Bottom of the 1st over - 0 runs, 1 hit, 0 errors, 1 left on base; Great Lakes 0 - West Virginia 0
TOP OF THE 2ND
Great Lakes Loons batting - Pitching for West Virginia Power : LHP Ryan Rakoff
Batting: LHB Alberto Chavez 0-0: Called Strike
0-1: Ball
1-1: Swinging Strike
1-2: Foul Ball, location: 2F
1-2: Strikes out swinging
Batting: RHB Ashton Crenshaw 0-0: Ball
1-0: Swinging Strike
1-1: SOLO HOME RUN (Flyball, 78XD, EV 100.0 MPH), Distance : 406 ft
Batting: RHB Phil Knox 0-0: Ball
1-0: Ground out 4-3 (Groundball, 4, EV 78.8 MPH)
Batting: RHB Josh Kimbrell 0-0: Ball
1-0: Ball
2-0: Called Strike
2-1: Swinging Strike
2-2: Strikes out swinging
Top of the 2nd over - 1 run, 1 hit, 0 errors, 0 left on base; Great Lakes 1 - West Virginia 0
BOTTOM OF THE 2ND
West Virginia Power batting - Pitching for Great Lakes Loons : RHP Jeremy Stock
Batting: RHB Jordan Robinson 0-0: Ball
1-0: Foul Ball, location: 2F
1-1: Foul Ball, location: 2F
1-2: Ball
2-2: Ground out 6-3 (Groundball, 6, EV 80.6 MPH)
Batting: RHB Dennis Coppolino 0-0: Called Strike
0-1: Ball
1-1: Swinging Strike
1-2: Strikes out swinging
Batting: RHB Ted Goldblatt 0-0: Foul Ball, location: 2F
0-1: Ball
1-1: Ball
2-1: Ball
3-1: Foul Ball, location: 2F
3-2: Strikes out looking
Bottom of the 2nd over - 0 runs, 0 hits, 0 errors, 0 left on base; Great Lakes 1 - West Virginia 0
TOP OF THE 3RD
Great Lakes Loons batting - Pitching for West Virginia Power : LHP Ryan Rakoff
Batting: RHB Alex Mejia 0-0: Ball
1-0: Foul Ball, location: 2F
1-1: Ball
2-1: SINGLE (Groundball, 6S, EV 73.8 MPH) (infield hit)
Batting: RHB Jerry Sanchez 0-0: Called Strike
0-1: Ball
1-1: Ball
2-1: Foul Ball, location: 2F
2-2: Strikes out swinging
Batting: LHB Antonio Luis 0-0: Ball
Alex Mejia is caught stealing 2nd base 2-6
1-0: Called Strike
1-1: Ball
2-1: Foul Ball, location: 2F
2-2: Foul Ball, location: 2F
2-2: Foul Ball, location: 2F
2-2: Ground out 4-3 (Groundball, 34D, EV 100.6 MPH)
Top of the 3rd over - 0 runs, 1 hit, 0 errors, 0 left on base; Great Lakes 1 - West Virginia 0
BOTTOM OF THE 3RD
West Virginia Power batting - Pitching for Great Lakes Loons : RHP Jeremy Stock
Batting: RHB Alfredo Medrano 0-0: Ball
1-0: Swinging Strike
1-1: Fly out, F8 (Line Drive, 8LD, EV 91.3 MPH)
Batting: RHB John Beiswenger 0-0: Ball
1-0: SINGLE (Flyball, 89M, EV 91.9 MPH)
Batting: RHB Ron Corn 0-0: Called Strike
0-1: Called Strike
0-2: Strikes out looking
Batting: LHB Micah Boshnjaku 0-0: Foul Ball, location: 2F
0-1: SINGLE (Flyball, 6D, EV 84.4 MPH)
John Beiswenger to second
Batting: SHB Francisco Gutierrez 0-0: Called Strike
0-1: Swinging Strike
0-2: Ball
1-2: Ball
2-2: Ball
3-2: Base on Balls
John Beiswenger to third
Micah Boshnjaku to second
Batting: RHB Tom Primmer 0-0: Ball
1-0: Swinging Strike
1-1: SINGLE (Groundball, 6MD, EV 103.1 MPH) (infield hit)
John Beiswenger scores
Micah Boshnjaku to third
Francisco Gutierrez to second
Batting: RHB Jordan Robinson 0-0: Ball
1-0: Foul Ball, location: 2F
1-1: Ball
2-1: Ball
3-1: Base on Balls
Micah Boshnjaku scores
Francisco Gutierrez to third
Tom Primmer to second
Batting: RHB Dennis Coppolino 0-0: Ball
1-0: Ball
2-0: Called Strike
2-1: Ground out 1-3 (Groundball, 34S, EV 63.1 MPH)
Bottom of the 3rd over - 2 runs, 3 hits, 0 errors, 3 left on base; Great Lakes 1 - West Virginia 2
TOP OF THE 4TH
Great Lakes Loons batting - Pitching for West Virginia Power : LHP Ryan Rakoff
Batting: RHB Mike Sims 0-0: Foul Ball, location: 2F
0-1: Swinging Strike
0-2: Ball
1-2: Strikes out looking
Batting: LHB Jim Chalk 0-0: Fly out, F9 (Line Drive, 9D, EV 94.4 MPH)
Batting: LHB Alberto Chavez 0-0: Ball
1-0: Ball
2-0: Ball
3-0: Swinging Strike
3-1: Foul Ball, location: 2F
3-2: Base on Balls
Batting: RHB Ashton Crenshaw 0-0: Ball
1-0: Called Strike
1-1: Fly out, F9 (Flyball, 89M, EV 80.6 MPH)
Top of the 4th over - 0 runs, 0 hits, 0 errors, 1 left on base; Great Lakes 1 - West Virginia 2
BOTTOM OF THE 4TH
West Virginia Power batting - Pitching for Great Lakes Loons : RHP Jeremy Stock
Batting: RHB Ted Goldblatt 0-0: Fly out, F9 (Flyball, 9, EV 81.9 MPH)
Batting: RHB Alfredo Medrano 0-0: Called Strike
0-1: Foul Ball, location: 2F
0-2: Strikes out swinging
Batting: RHB John Beiswenger 0-0: Ball
1-0: Ball
2-0: Ball
3-0: Called Strike
3-1: SINGLE (Line Drive, 78M, EV 88.1 MPH)
Batting: RHB Ron Corn 0-0: Swinging Strike
0-1: Foul Ball, location: 2F
0-2: Ball
1-2: Ball
2-2: Foul Ball, location: 2F
2-2: Ball
3-2: Base on Balls
John Beiswenger to second
Batting: LHB Micah Boshnjaku 0-0: Foul Ball, location: 2F
0-1: Ball
1-1: Foul Ball, location: 2F
1-2: Strikes out swinging
Bottom of the 4th over - 0 runs, 1 hit, 0 errors, 2 left on base; Great Lakes 1 - West Virginia 2
TOP OF THE 5TH
Great Lakes Loons batting - Pitching for West Virginia Power : LHP Ryan Rakoff
Batting: RHB Phil Knox 0-0: Fly out, F8 (Flyball, 8LS, EV 91.9 MPH)
Batting: RHB Josh Kimbrell 0-0: Called Strike
0-1: Ball
1-1: Ball
2-1: Called Strike
2-2: Foul Ball, location: 2F
2-2: SINGLE (Groundball, 6MD, EV 98.1 MPH)
Batting: RHB Alex Mejia 0-0: Fielders Choice at 2nd, 3-6 (Groundball, 34, EV 107.5 MPH)
Batting: RHB Jerry Sanchez 0-0: Foul Ball, location: 2F
0-1: Fielders Choice at 2nd, 6-4 (Groundball, 6, EV 105.6 MPH)
Top of the 5th over - 0 runs, 1 hit, 0 errors, 1 left on base; Great Lakes 1 - West Virginia 2
BOTTOM OF THE 5TH
West Virginia Power batting - Pitching for Great Lakes Loons : RHP Jeremy Stock
Batting: SHB Francisco Gutierrez 0-0: Ball
1-0: Foul Ball, location: 2F
1-1: Ball
2-1: Ground out 6-3 (Groundball, 6, EV 88.8 MPH)
Batting: RHB Tom Primmer 0-0: Ball
1-0: Ball
2-0: Ground out 6-3 (Groundball, 56, EV 101.3 MPH)
Batting: RHB Jordan Robinson 0-0: Called Strike
0-1: Swinging Strike
0-2: Foul Ball, location: 2F
0-2: Foul Ball, location: 2F
0-2: Ball
1-2: Hit by Pitch
Batting: RHB Dennis Coppolino 0-0: Ball
Wild Pitch!
Jordan Robinson to second
1-0: Ball
2-0: Ball
3-0: Called Strike
3-1: Swinging Strike
3-2: Foul Ball, location: 2F
3-2: Base on Balls
Batting: RHB Ted Goldblatt 0-0: Ball
1-0: Called Strike
1-1: Ball
2-1: Foul Ball, location: 2F
2-2: Ball
3-2: Base on Balls
Jordan Robinson to third
Dennis Coppolino to second
Batting: RHB Alfredo Medrano 0-0: Ball
1-0: Foul Ball, location: 2F
1-1: Swinging Strike
1-2: Ground out 3-1 (Groundball, 34, EV 90.0 MPH)
Bottom of the 5th over - 0 runs, 0 hits, 0 errors, 3 left on base; Great Lakes 1 - West Virginia 2
TOP OF THE 6TH
Great Lakes Loons batting - Pitching for West Virginia Power : LHP Ryan Rakoff
Pinch Hitting: RHB Jeremy Beltron 0-0: Called Strike
0-1: Foul Ball, location: 2F
0-2: Ball
1-2: DOUBLE (Flyball, 89XD, EV 103.8 MPH)
Batting: RHB Mike Sims 0-0: Ground out 4-3 (Groundball, 4, EV 85.0 MPH)
Jeremy Beltron to third
Batting: LHB Jim Chalk 0-0: Called Strike
0-1: Ball
1-1: Ball
2-1: Ball
3-1: Foul Ball, location: 2F
3-2: Base on Balls
Batting: LHB Alberto Chavez 0-0: Ball
1-0: Foul Ball, location: 2F
1-1: 3-RUN HOME RUN (Flyball, 9D, EV 96.9 MPH), Distance : 369 ft
Batting: RHB Ashton Crenshaw 0-0: Ball
1-0: SINGLE (Groundball, 6D, EV 94.4 MPH)
Batting: RHB Phil Knox 0-0: Ball
1-0: Ball
2-0: DOUBLE (Line Drive, 9LM, EV 92.5 MPH)
Ashton Crenshaw to third
Runner from 3rd tries for Home, SAFE, no throw by RF
Pitching: RHP Jason Cobb
Batting: RHB Josh Kimbrell 0-0: Ball
1-0: 2-RUN HOME RUN (Flyball, 89XD, EV 100.0 MPH), Distance : 408 ft
Batting: RHB Alex Mejia 0-0: Ball
1-0: Swinging Strike
1-1: Swinging Strike
1-2: Ball
2-2: Fly out, F8 (Flyball, 8RS, EV 85.6 MPH)
Batting: RHB Jerry Sanchez 0-0: Ball
1-0: Ground out 5-3 (Groundball, 56, EV 83.1 MPH)
Top of the 6th over - 6 runs, 5 hits, 0 errors, 0 left on base; Great Lakes 7 - West Virginia 2
BOTTOM OF THE 6TH
West Virginia Power batting - Pitching for Great Lakes Loons : RHP Jeremy Stock
Pitching: LHP Bill Esten
Now in RF: Chris Barrera
Batting: RHB John Beiswenger 0-0: Ball
1-0: Ball
2-0: Ball
3-0: Called Strike
3-1: Foul Ball, location: 2F
3-2: SOLO HOME RUN (Flyball, 7D, EV 96.9 MPH), Distance : 368 ft
Batting: RHB Ron Corn 0-0: Ball
1-0: Foul Ball, location: 2F
1-1: Ball
2-1: Ball
3-1: Base on Balls
Batting: LHB Micah Boshnjaku 0-0: Foul Ball, location: 2F
0-1: Ball
1-1: Ball
2-1: Ball
3-1: SINGLE (Flyball, 5D, EV 88.1 MPH)
Ron Corn to second
Batting: SHB Francisco Gutierrez 0-0: Ball
1-0: Ball
2-0: Ball
3-0: Base on Balls
Ron Corn to third
Micah Boshnjaku to second
Batting: RHB Tom Primmer 0-0: Grounds into double play, 4-2-3 (Groundball, 6, EV 103.1 MPH)
Micah Boshnjaku to third
Francisco Gutierrez to second
Batting: RHB Jordan Robinson 0-0: Ball
1-0: Fly out, F8 (Line Drive, 8RM, EV 92.5 MPH)
Bottom of the 6th over - 1 run, 2 hits, 0 errors, 2 left on base; Great Lakes 7 - West Virginia 3
TOP OF THE 7TH
Great Lakes Loons batting - Pitching for West Virginia Power : RHP Jason Cobb
Batting: LHB Chris Barrera 0-0: Swinging Strike
0-1: Ball
1-1: Fly out, F8 (Flyball, 8RS, EV 88.8 MPH)
Batting: RHB Mike Sims 0-0: Ground out 6-3 (Groundball, 6S, EV 71.9 MPH)
Batting: LHB Jim Chalk 0-0: Ball
1-0: Foul Ball, location: 2F
1-1: Foul Ball, location: 2F
1-2: Ball
2-2: Ball
3-2: Base on Balls
Batting: LHB Alberto Chavez 0-0: Ball
1-0: Ball
2-0: Foul Ball, location: 2F
2-1: SINGLE (Groundball, 4MD, EV 95.6 MPH)
Jim Chalk to second
Runner from 2nd tries for 3rd, SAFE, throw by CF made at trailing runner, OUT! 8-6
Top of the 7th over - 0 runs, 1 hit, 0 errors, 1 left on base; Great Lakes 7 - West Virginia 3
BOTTOM OF THE 7TH
West Virginia Power batting - Pitching for Great Lakes Loons : LHP Bill Esten
Pitching: RHP Mark McDonald
Batting: RHB Dennis Coppolino 0-0: Called Strike
0-1: Foul Ball, location: 2F
0-2: Foul Ball, location: 2F
0-2: Strikes out swinging
Batting: RHB Ted Goldblatt 0-0: Called Strike
0-1: Ball
1-1: Ball
2-1: Foul Ball, location: 2F
2-2: Strikes out swinging
Batting: RHB Alfredo Medrano 0-0: Swinging Strike
0-1: Foul Ball, location: 2F
0-2: Foul Ball, location: 2F
0-2: Ball
1-2: Hit by Pitch
Batting: RHB John Beiswenger 0-0: Swinging Strike
0-1: Ball
1-1: Ball
2-1: Ball
3-1: Foul Ball, location: 2F
3-2: Strikes out swinging
Bottom of the 7th over - 0 runs, 0 hits, 0 errors, 1 left on base; Great Lakes 7 - West Virginia 3
TOP OF THE 8TH
Great Lakes Loons batting - Pitching for West Virginia Power : RHP Jason Cobb
Pitching: RHP Travis Luckett
Batting: RHB Ashton Crenshaw 0-0: Foul Ball, location: 2F
0-1: Ball
1-1: Ball
2-1: Foul Ball, location: 2F
2-2: Ball
3-2: Base on Balls
Batting: RHB Phil Knox 0-0: Grounds into double play, U6-3 (Groundball, 4M, EV 83.8 MPH)
Batting: RHB Josh Kimbrell 0-0: Ball
1-0: Ball
2-0: Ball
3-0: Called Strike
3-1: Ground out 1-3 (Groundball, P, EV 68.8 MPH)
Top of the 8th over - 0 runs, 0 hits, 0 errors, 0 left on base; Great Lakes 7 - West Virginia 3
BOTTOM OF THE 8TH
West Virginia Power batting - Pitching for Great Lakes Loons : RHP Mark McDonald
Pitching: RHP Servaas Morrow
Batting: RHB Ron Corn 0-0: Ball
1-0: Ball
2-0: Called Strike
2-1: Ball
3-1: Foul Ball, location: 2F
3-2: Ground out 6-3 (Groundball, 6, EV 87.5 MPH)
Batting: LHB Micah Boshnjaku 0-0: Ball
1-0: Swinging Strike
1-1: Ball
2-1: Ball
3-1: Swinging Strike
3-2: Foul Ball, location: 2F
3-2: Fly out, F3 (Line Drive, 3, EV 66.9 MPH)
Batting: SHB Francisco Gutierrez 0-0: Ball
1-0: Foul Ball, location: 2F
1-1: Ground out 4-3 (Groundball, 4M, EV 101.9 MPH)
Bottom of the 8th over - 0 runs, 0 hits, 0 errors, 0 left on base; Great Lakes 7 - West Virginia 3
TOP OF THE 9TH
Great Lakes Loons batting - Pitching for West Virginia Power : RHP Travis Luckett
Batting: RHB Alex Mejia 0-0: Called Strike
0-1: Fly out, F9 (Flyball, 9D, EV 95.6 MPH)
Batting: RHB Jerry Sanchez 0-0: Ground out 1-3 (Groundball, 15S, EV 63.1 MPH)
Batting: LHB Chris Barrera 0-0: Swinging Strike
0-1: Foul Ball, location: 2F
0-2: Ground out 1-3 (Groundball, 23, EV 68.1 MPH)
Top of the 9th over - 0 runs, 0 hits, 0 errors, 0 left on base; Great Lakes 7 - West Virginia 3
BOTTOM OF THE 9TH
West Virginia Power batting - Pitching for Great Lakes Loons : RHP Servaas Morrow
Pitching: RHP Santiago Montero
Batting: RHB Tom Primmer 0-0: Called Strike
0-1: Ball
1-1: Called Strike
1-2: Foul Ball, location: 2F
1-2: Ball
2-2: Strikes out swinging
Batting: RHB Jordan Robinson 0-0: SINGLE (Groundball, 25, EV 74.4 MPH) (infield hit)
Batting: RHB Dennis Coppolino 0-0: DOUBLE (Line Drive, 89XD, EV 103.8 MPH)
Jordan Robinson to third
Batting: RHB Ted Goldblatt 0-0: Ball
1-0: Foul Ball, location: 2F
1-1: Foul Ball, location: 2F
1-2: Ball
2-2: Ball
3-2: Foul Ball, location: 2F
3-2: Foul Ball, location: 2F
3-2: DOUBLE (Line Drive, 8LXD, EV 103.1 MPH)
Jordan Robinson scores
Dennis Coppolino scores
Pinch Hitting: SHB Brad Day 0-0: TRIPLE (Flyball, 89XD, EV 95.6 MPH)
Ted Goldblatt scores
Pinch Hitting: LHB Justin Harris 0-0: Ball
1-0: SINGLE (Groundball, 4MD, EV 100.6 MPH)
Brad Day scores
Batting: RHB Ron Corn 0-0: Foul Ball, location: 2F
0-1: Ball
1-1: Foul Ball, location: 2F
1-2: Fly out, F8 (Flyball, 89XD, EV 98.8 MPH)
Batting: LHB Micah Boshnjaku 0-0: Foul Ball, location: 2F
0-1: Swinging Strike
0-2: Ball
1-2: Strikes out swinging
Bottom of the 9th over - 4 runs, 5 hits, 0 errors, 1 left on base; Great Lakes 7 - West Virginia 7
TOP OF THE 10TH
Great Lakes Loons batting - Pitching for West Virginia Power : RHP Travis Luckett
Pitching: RHP Troy Conners
Now at C: Brad Day
Now at 1B: Jose Lozano
Now at SS: Dennis Coppolino
Batting: RHB Mike Sims 0-0: Foul Ball, location: 2F
0-1: Swinging Strike
0-2: Ball
1-2: Strikes out looking
Batting: LHB Jim Chalk 0-0: Ball
1-0: Called Strike
1-1: Foul Ball, location: 2F
1-2: Ball
2-2: SOLO HOME RUN (Flyball, 9LD, EV 93.1 MPH), Distance : 346 ft
Batting: LHB Alberto Chavez 0-0: Ball
1-0: Ball
2-0: Ball
3-0: Called Strike
3-1: Base on Balls
Batting: RHB Ashton Crenshaw 0-0: Called Strike
0-1: Called Strike
0-2: Foul Ball, location: 2F
0-2: Strikes out swinging
Batting: RHB Phil Knox 0-0: SINGLE (Line Drive, 78S, EV 87.5 MPH)
Alberto Chavez to second
Batting: RHB Josh Kimbrell 0-0: Called Strike
0-1: Ball
1-1: Fly out, F9 (Flyball, 9D, EV 80.0 MPH)
Top of the 10th over - 1 run, 2 hits, 0 errors, 2 left on base; Great Lakes 8 - West Virginia 7
BOTTOM OF THE 10TH
West Virginia Power batting - Pitching for Great Lakes Loons : RHP Santiago Montero
Batting: SHB Francisco Gutierrez 0-0: Called Strike
0-1: Ball
1-1: Ball
2-1: Ball
3-1: Base on Balls
Batting: RHB Tom Primmer 0-0: Foul Ball, location: 2F
0-1: DOUBLE (Flyball, 8LXD, EV 96.9 MPH)
Francisco Gutierrez to third
Batting: RHB Jordan Robinson 0-0: Intentional Walk
Pitching: RHP Adonis Loyd
Batting: RHB Dennis Coppolino 0-0: Called Strike
0-1: Called Strike
0-2: Ball
1-2: Ball
2-2: Strikes out swinging
Batting: RHB Ted Goldblatt 0-0: Ball
1-0: Swinging Strike
1-1: Swinging Strike
1-2: Foul Ball, location: 2F
1-2: Ball
2-2: Strikes out swinging
Batting: SHB Brad Day 0-0: Foul Ball, location: 2F
0-1: Ball
1-1: Ball
2-1: Ball
3-1: Fielders Choice at 2nd, 6-4 (Groundball, 6, EV 86.9 MPH)
Bottom of the 10th over - 0 runs, 1 hit, 0 errors, 3 left on base; Great Lakes 8 - West Virginia 7
Thursday, March 31st , 2022 - OOTP Baseball 22.12 Build 89